 Dungeon Crawl Stone Soup version 0.19.1 (webtiles) character file.

931 Lilleppy the Cruncher (level 7, -19/60 HPs)
             Began as a Minotaur Gladiator on Dec 15, 2016.
             Demolished by Pikel
             ... wielding a +1 whip of electrocution
              (20 damage)
             ... on level 5 of the Dungeon.
             The game lasted 00:08:16 (3504 turns).

Lilleppy the Cruncher (Minotaur Gladiator)          Turns: 3504, Time: 00:08:17

Health: -19/60     AC: 20    Str: 21    XL:     7   Next: 86%
Magic:  6/6        EV:  8    Int:  5    God:
Gold:   217        SH:  0    Dex: 11    Spells: 0 memorised, 6 levels left

rFire  + + .     SeeInvis .     a - +1 quarterstaff
rCold  x . .     Gourm    .     D - +3 plate armour
rNeg   . . .     Faith    .     (shield currently unavailable)
rPois  .         Spirit   .     c - +0 hat
rElec  .         Reflect  .     u - +0 cloak
rCorr  .         Harm     .     t - +0 pair of gloves
MR     .....                    v - +1 pair of boots
Stlth  ..........               (no amulet)
                                n - ring of protection from fire
                                l - ring of fire

@: no status effects
A: retaliatory headbutt, horns 2
a: no special abilities


You were on level 5 of the Dungeon.
You were near starving.

You visited 1 branch of the dungeon, and saw 5 of its levels.

You collected 217 gold pieces.

Inventory:

Hand Weapons
 a - a +1 quarterstaff (weapon)
Missiles
 d - 3 throwing nets (quivered)
Armour
 c - a +0 hat (worn)
 s - a +0 buckler
 t - a +0 pair of gloves (worn)
 u - a +0 cloak (worn)
 v - a +1 pair of boots (worn)
 D - a +3 plate armour (worn)
Rods
 o - a +1 rod of ignition (14/14)
   (You found it on level 2 of the Dungeon)
Jewellery
 l - a ring of fire (left hand)
 n - a ring of protection from fire (right hand)
 p - an uncursed ring of protection from cold {unknown}
 C - an uncursed ring of stealth {unknown}
Scrolls
 b - 5 scrolls of remove curse
 e - 2 scrolls of noise
 k - 3 scrolls of teleportation
 q - a scroll of enchant armour
 x - 3 scrolls of identify
Potions
 f - 2 potions of flight {unknown}
 g - 2 potions of heal wounds {unknown}
 h - 2 potions of cancellation {unknown}
 i - a potion of resistance {unknown}
 j - 4 potions of invisibility {unknown}
 m - a potion of lignification {unknown}
 r - a potion of haste {unknown}
 w - a potion of brilliance {unknown}
 z - a potion of might {unknown}
 B - a potion of magic {unknown}
Comestibles
 A - a bread ration


   Skills:
 + Level 4.7 Fighting
 + Level 8.2 Staves
 + Level 2.1 Throwing
 + Level 5.4 Armour
 + Level 4.4 Dodging
 + Level 0.3 Stealth


You had 6 spell levels left.
You didn't know any spells.

Dungeon Overview and Level Annotations

Branches:
Dungeon (5/15)
 Temple: D:4-7

Altars:

Shops:
D:5 (

Annotations:
D:5 Pikel


Innate Abilities, Weirdness & Mutations

You reflexively headbutt those who attack you in melee.
You have a pair of horns on your head.


Message History

The slave hits you but does no damage.
You sock Pikel!
Pikel is almost dead.
The slave hits you but does no damage. x2; Pikel hits you but does no damage.
You are electrocuted!
* * * LOW HITPOINT WARNING * * *
The slave hits you but does no damage.
You closely miss Pikel.
Pikel is almost dead.
The slave hits you but does no damage. Pikel hits you but does no damage.
The slave hits you but does no damage.
You hit Pikel.
Pikel is almost dead.
The slave barely misses you. The slave hits you.
* * * LOW HITPOINT WARNING * * *
The slave barely misses you.
Pikel hits you with a whip of electrocution.
* * * LOW HITPOINT WARNING * * *
You are electrocuted!
You die...

# #### . # ..#
##.. #
#.#####p##.....
#
#.....@p{p...>.
..
#.##..pK##.....
#. #.#.#.#.#
#.. ##.
#..###..# ..
#...#...# ##.#
#.##.##.# #...
#.......#
#.#...
####.####
##.#...
###.####
........


You could see Pikel and 4 slaves.

Vanquished Creatures
  The ghost of w00t the Digger, an amateur GrEE (D:4)
  Edmund (D:5)
  An ice beast (D:5)
  2 centaurs (D:5)
  2 hounds
  A centaur skeleton (D:4)
  2 iguanas
  3 worker ants (D:4)
  A hound skeleton (D:4)
  4 gnolls (D:3)
  A howler monkey skeleton (D:5)
  3 adders
  3 worms
  4 dart slugs
  4 leopard geckos
  12 orcs
  5 giant cockroaches
  9 goblins
  8 hobgoblins
  6 jackals
  A ball python (D:2)
  2 bats (D:2)
  3 frilled lizards
  5 kobolds (D:1)
  A quokka skeleton (D:4)
  8 rats
93 creatures vanquished.

Notes
Turn   | Place    | Note
-------+----------+-------------------------------------------
     0 | D:1      | Lilleppy the Minotaur Gladiator began the quest for the Orb.
     0 | D:1      | Reached XP level 1. HP: 18/18 MP: 0/0
   158 | D:1      | Reached skill level 4 in Staves
   158 | D:1      | Reached XP level 2. HP: 24/25 MP: 1/1
   334 | D:1      | Reached XP level 3. HP: 22/30 MP: 2/2
   902 | D:2      | Identified a +1 rod of ignition (14/14) (You found it on level 2 of the Dungeon)
   928 | D:2      | Reached XP level 4. HP: 12/37 MP: 3/3
  1200 | D:2      | Reached skill level 5 in Staves
  1626 | D:3      | Reached skill level 1 in Armour
  1997 | D:3      | Reached XP level 5. HP: 40/45 MP: 4/4
  2350 | D:4      | Noticed w00t's ghost (amateur GrEE)
  2366 | D:4      | Killed w00t's ghost
  2366 | D:4      | Reached skill level 6 in Staves
  2366 | D:4      | Reached XP level 6. HP: 34/52 MP: 5/5
  2794 | D:4      | Reached skill level 7 in Staves
  3089 | D:5      | Entered Level 5 of the Dungeon
  3170 | D:5      | Reached XP level 7. HP: 59/59 MP: 6/6
  3172 | D:5      | Found Gutis's Antique Weapon Shop.
  3442 | D:5      | Reached skill level 5 in Armour
  3458 | D:5      | Noticed Edmund
  3474 | D:5      | Killed Edmund
  3474 | D:5      | Reached skill level 8 in Staves
  3485 | D:5      | Noticed Pikel
  3504 | D:5      | HP: 1/60 [Pikel/whip of electrocution (3)]
  3504 | D:5      | Demolished by Pikel

Skill      XL: |  1  2  3  4  5  6  7 |
---------------+----------------------+-----
Staves         | 4 5 6 7 8 |  8.2
Dodging        | 4 |  4.4
Fighting       | 3 4 |  4.7
Armour         | 1 2 4 5 |  5.4
Throwing       | |  2.1
Stealth        | |  0.3

Action                   |  1- 3 |  4- 6 |  7- 9 || total
-------------------------+-------+-------+-------++-------
Melee: Quarterstaff      |    84 |   119 |    59 ||   262
       Headbutt          |    11 |    23 |    12 ||    46
  Use: Scroll            |     5 |     8 |       ||    13
  Eat: Bread ration      |       |     1 |       ||     1
       Royal jelly       |       |     1 |       ||     1
Armor: Chain mail        |    60 |    41 |       ||   101
       Leather armour    |     1 |       |       ||     1
       Plate armour      |       |    10 |    60 ||    70
Dodge: Dodged            |    51 |    61 |    33 ||   145
